 Dungeon Crawl Stone Soup version 0.26-a0-639-g72c4674329 (webtiles) character file.

Game seed: 2979268757566322328

35026 Flugslaktarn the Cleaver (level 13, 34/128 HPs)
             Began as a Deep Dwarf Fighter on Sept 23, 2020.
             Was a High Priest of Makhleb.
             Quit the game on level 14 of the Dungeon.
             The game lasted 00:09:36 (11671 turns).

Flugslaktarn the Cleaver (Deep Dwarf Fighter)      Turns: 11671, Time: 00:09:36

Health: 34/128     AC: 19    Str: 23    XL:     13   Next: 45%
Magic:  0/0        EV:  4    Int: 14    God:    Makhleb [*****.]
Gold:   478        SH: 17    Dex:  8    Spells: 12/12 levels left

rFire    + . .     SeeInvis +   a - +1 war axe
rCold    + + .     Faith    .   u - +0 tower shield
rNeg     . . .     Spirit   .   l - +0 plate armour
rPois    .         Reflect  .   D - +0 helmet
rElec    .         Harm     .   e - scarf {rC+ rF+}
rCorr    .         Rampage  .   B - +0 pair of gloves {archery}
MR       +....                  g - +0 pair of boots
Stlth    ..........             E - amulet of the acrobat
HPRegen  0.00/turn              f - ring of protection from fire
MPRegen  0.07/turn              i - ring "Ziyria Eger" {Ice Int+4 Dex-5 Slay+5 SInv}

@: flying, non-regenerating
A: damage resistance, heal wounds, sense surroundings 2, no regeneration
a: Heal Wounds, Minor Destruction, Lesser Servant of Makhleb, Major Destruction,
Greater Servant of Makhleb, Renounce Religion


You were on level 14 of the Dungeon.
You worshipped Makhleb.
Makhleb was extremely pleased with you.
You visited 2 branches of the dungeon, and saw 16 of its levels.
You also visited: Gauntlet.

You collected 742 gold pieces.
You spent 264 gold pieces at shops.

Inventory:

Hand Weapons
 a - a +1 war axe (weapon)
Armour
 e - a scarf of resistance (worn)
   (You found it on level 9 of the Dungeon)
 g - a +0 pair of boots (worn)
   (You found it on level 7 of the Dungeon)
 l - a +0 plate armour (worn)
   (You found it on level 5 of the Dungeon)
 u - a +0 tower shield (worn)
   (You found it on level 11 of the Dungeon)
 v - a +0 cloak
   (You found it on level 8 of the Dungeon)
 B - a +0 pair of gloves of archery (worn)
   (You bought it in a shop on level 9 of the Dungeon)
 D - a +0 helmet (worn)
   (You found it on level 11 of the Dungeon)
Jewellery
 f - a ring of protection from fire (left hand)
   (You found it on level 13 of the Dungeon)
 i - the ring "Ziyria Eger" (right hand) {Ice Int+4 Dex-5 Slay+5 SInv}
   (You found it in a Gauntlet)

   [ring of ice]

   It enhances your ice magic.
   It affects your intelligence (+4).
   It affects your dexterity (-5).
   It affects your accuracy and damage with ranged weapons and melee attacks
   (+5).
   It makes you vulnerable to fire.
   It protects you from cold.
   It lets you see invisible.
 E - an amulet of the acrobat (around neck)
   (You found it on level 11 of the Dungeon)
Wands
 b - a wand of digging (13)
   (You took it off Duvessa on level 5 of the Dungeon)
 p - a wand of enslavement (18)
   (You found it on level 6 of the Dungeon)
 C - a wand of acid (6)
   (You found it on level 15 of the Dungeon)
Scrolls
 c - 5 scrolls of fog
 k - 3 scrolls of enchant weapon
 o - 3 scrolls of fear
 t - 5 scrolls of teleportation
 x - 5 scrolls of remove curse
 y - 3 scrolls of immolation
 z - 2 scrolls of blinking
 A - 3 scrolls of magic mapping
Potions
 d - a potion of might
 h - a potion of haste
 j - a potion of mutation
 m - 2 potions of lignification
 n - a potion of resistance
 q - 8 potions of curing
 r - 2 potions of berserk rage
 w - a potion of heal wounds
 F - a potion of magic


   Skills:
 * Level 11.7 Fighting
 * Level 13.4 Axes
 + Level 10.3 Armour
 + Level 10.2 Shields
 + Level 10.4 Invocations
 + Level 5.5 Evocations


You had 12 spell levels left.
You didn't know any spells.
Your spell library was empty.

Dungeon Overview and Level Annotations

Branches:
Dungeon (15/15)            Temple (1/1) D:5            Lair (0/6) D:10
    Orc (0/2) D:11         Vaults (0/5) D:13        Gauntlet (visited)
 Depths: D:15

Altars:
Ashenzari
Cheibriados
Dithmenos
Elyvilon
Fedhas
Gozag
Hepliaklqana
Kikubaaqudgha
Makhleb
Nemelex Xobeh
Okawaru
Qazlal
Ru
Sif Muna
Trog
Uskayaw
Vehumet
Wu Jian
Xom
Yredelemnul
Zin
The Shining One
Lugonu

Shops:
D:9 *   D:14 :[

Annotations:
D:4 3 runed translucent doors, Flugslaktarn's ghost, amateur MiFi
D:6 2 transporters


Innate Abilities, Weirdness & Mutations

You are resistant to damage.
You can heal yourself by infusing magical energy.
You passively map the area around you.
You do not regenerate.


Message History

You are too injured to fight recklessly!
You are too injured to fight recklessly!
You are too injured to fight recklessly!
You are too injured to fight recklessly!
You are too injured to fight recklessly!
You are too injured to fight recklessly!
You can't go up here!
There is a stone staircase leading up, spattered with blood here.
You climb upwards.
There is a stone staircase leading down here.
(D) Dungeon (T) Temple (L) Lair (O) Orcish Mines (V) Vaults
Where to? (Enter - D:14 @ (x,y), ? - help)
What level of the Orcish Mines? (default 1, ? - help)
Okay, then.
It was a potion of flight.
You feel very buoyant.
You fly up into the air.
Unknown command.
Are you sure you want to abandon this character and quit the game? (Confirm with "yes".)

.....[).##....##.####....'.......
...#.)<.#......#...#.....#.......
...#..).#......#...#.....#.######
...................#.....#.......
..............#....##.####.......
###############....##.#..........
........#....##.......#..........
........#....##)).....#..........
........#....##.@)....#..........
........#....##.[.....#..........
........#.<..##.......#..........
........'....##.......#..........
........#....##.......#..........
#########'#####'#######..........
.................................
..........<......##..............
...######........##.....#........


There were no monsters in sight!

Vanquished Creatures
  Jorgrun (D:12)
  An ironheart preserver (D:13)
  Azrael (D:14)
  A minotaur (Gauntlet)
  Josephine (D:10)
  2 centaur warriors
  Erica (D:8)
  A hydra (D:13)
  A death knight (D:13)
  A deep troll earth mage (D:13)
  2 two-headed ogres
  A tengu warrior (D:13)
  2 skeletal warriors (D:14)
  2 unseen horrors
  A deep elf mage (D:8)
  A moth of wrath (Gauntlet)
  A manticore (D:11)
  2 cyclopes
  Psyche (D:8)
  Maurice (D:13)
  2 gargoyles
  Maggie (D:7)
  A freezing wraith (D:14)
  2 komodo dragons
  A kobold demonologist (D:13)
  A yaktaur (D:15)
  3 trolls
  A hornet (D:13)
  A slime creature (shapeshifter) (Gauntlet)
  8 slime creatures
  A hippogriff (D:9)
  A blink frog (shapeshifter) (Gauntlet)
  A raiju (Gauntlet)
  A redback (shapeshifter) (Gauntlet)
  2 water elementals (D:15)
  4 redbacks (Gauntlet)
  2 wyverns (D:11)
  10 wraiths
  3 shadows
  A yak (D:13)
  A vampire (D:14)
  3 fire elementals (D:14)
  4 steam dragons
  A soldier ant (D:13)
  2 water moccasins
  Duvessa (D:5)
  A hell hound (D:14)
  7 orc warriors
  2 sky beasts
  3 ice beasts
  2 phantoms
  8 ogres
  7 centaurs
  A crocodile (D:8)
  2 big kobolds
  A wyvern zombie (D:14)
  9 bullfrogs
  A wyvern skeleton (D:14)
  Dowan (D:5)
  4 scorpions
  3 howler monkeys
  11 wights
  5 electric eels
  A crimson imp (D:5)
  4 centaur zombies
  5 orc priests
  2 bullfrog skeletons
  2 bullfrog zombies
  10 hounds
  8 jellies
  2 centaur skeletons
  2 gnoll shamans
  9 orc wizards
  6 iguanas
  4 worker ants
  Natasha (thrice) (D:2)
  A hound skeleton (D:6)
  8 gnolls
  A howler monkey skeleton (D:9)
  6 adders
  2 white imps
  An ufetubus (D:9)
  An ooze (D:2)
  An adder zombie (D:7)
  4 worms
  A dart slug (D:1)
  4 leopard geckos
  57 orcs
  4 goblins
  2 hobgoblins (D:1)
  11 jackals
  4 bats
  2 frilled lizards
  8 kobolds
  A leopard gecko skeleton (D:5)
  A quokka skeleton (D:5)
  5 rats
335 creatures vanquished.

Vanquished Creatures (collateral kills)
  A hydra (D:15)
  3 skeletal warriors (D:15)
  An efreet (D:15)
  An acid dragon (D:15)
  An orc priest (D:15)
7 creatures vanquished.

Vanquished Creatures (others)
  3 gnolls (D:4)
  27 plants
30 creatures vanquished.

Grand Total: 372 creatures vanquished

Notes
Turn   | Place    | Note
-------+----------+-------------------------------------------
     0 | D:1      | Flugslaktarn the Deep Dwarf Fighter began the quest for the
                  | Orb.
     0 | D:1      | Reached XP level 1. HP: 20/20 MP: 1/1
    50 | D:1      | Reached XP level 2. HP: 24/27 MP: 2/2
   138 | D:2      | Reached XP level 3. HP: 28/34 MP: 3/3
   197 | D:2      | Noticed Natasha
   209 | D:2      | Killed Natasha
   209 | D:2      | Reached skill level 3 in Axes
   248 | D:2      | Noticed Natasha
   261 | D:2      | Killed Natasha
   261 | D:2      | Reached XP level 4. HP: 22/42 MP: 4/4
   325 | D:2      | Noticed Natasha
   330 | D:2      | Killed Natasha
   677 | D:4      | Found a bloodstained altar of Trog.
   707 | D:4      | Found a runed translucent gate.
   710 | D:4      | Reached XP level 5. HP: 42/50 MP: 4/4
   727 | D:4      | Found a runed translucent gate.
   727 | D:4      | Found a runed translucent gate.
   739 | D:4      | Reached skill level 4 in Axes
   740 | D:4      | Noticed Flugslaktarn's ghost (amateur MiFi)
   899 | D:4      | Reached XP level 6. HP: 32/57 MP: 5/5
  1051 | D:4      | Found an ancient bone altar of Kikubaaqudgha.
  1052 | D:4      | Found a glowing silver altar of Zin.
  1340 | D:5      | Entered Level 5 of the Dungeon
  1344 | D:5      | Found a staircase to the Ecumenical Temple.
  1380 | Temple   | Entered the Ecumenical Temple
  1438 | D:5      | Noticed Duvessa
  1438 | D:5      | Noticed Dowan
  1453 | D:5      | Killed Dowan
  1454 | D:5      | Reached skill level 5 in Axes
  1455 | D:5      | Killed Duvessa
  1455 | D:5      | Reached XP level 7. HP: 30/66 MP: 6/6
  1526 | D:5      | Reached skill level 5 in Fighting
  1598 | D:5      | Reached skill level 5 in Armour
  1598 | D:5      | Reached skill level 5 in Shields
  1657 | D:5      | Reached skill level 6 in Axes
  1789 | D:5      | Found a hazy altar of Hepliaklqana.
  1820 | D:5      | Found a burning altar of Makhleb.
  1821 | D:5      | Found a radiant altar of Vehumet.
  1876 | D:5      | Became a worshipper of Makhleb the Destroyer
  1921 | D:5      | Reached XP level 8. HP: 35/75 MP: 7/7
  2133 | D:6      | Found a shadowy altar of Dithmenos.
  2165 | D:6      | Reached skill level 1 in Invocations
  2372 | D:6      | Found a transporter.
  2376 | D:6      | Found an ornate altar of the Wu Jian Council.
  2493 | D:6      | Found a transporter.
  2494 | D:6      | Noticed a kobold demonologist
  2589 | D:6      | Reached skill level 7 in Axes
  2688 | D:6      | Reached * piety under Makhleb
  3178 | D:7      | Gained mutation: You passively map the area around you.
                  | [Deep Dwarf growth]
  3178 | D:7      | Reached XP level 9. HP: 46/85 MP: 7/7
  3194 | D:7      | Found a glowing golden altar of the Shining One.
  3229 | D:7      | Found a shattered altar of Ashenzari.
  3299 | D:7      | Noticed Maggie
  3328 | D:7      | Killed Maggie
  3345 | D:7      | Reached skill level 8 in Axes
  3455 | D:8      | Found a snail-covered altar of Cheibriados.
  3559 | D:8      | Noticed Psyche
  3567 | D:8      | Killed Psyche
  3692 | D:8      | Noticed a deep elf mage
  3705 | D:8      | Killed a deep elf mage
  3705 | D:8      | Reached ** piety under Makhleb
  3705 | D:8      | Reached skill level 5 in Invocations
  3744 | D:8      | Reached skill level 9 in Axes
  3832 | D:8      | Noticed Erica
  3854 | D:8      | Killed Erica
  3854 | D:8      | Reached XP level 10. HP: 37/96 MP: 6/8
  3927 | D:8      | Found an iron altar of Okawaru.
  4020 | D:9      | Found a blossoming altar of Fedhas.
  4264 | D:9      | Found a shimmering blue altar of Sif Muna.
  4529 | D:9      | Found an opulent altar of Gozag.
  4888 | D:9      | Found Heach's Assorted Antiques.
  4895 | D:9      | Bought a pair of embroidered gloves for 172 gold pieces
  4895 | D:9      | Bought a brass wand for 92 gold pieces
  5003 | D:10     | Entered Level 10 of the Dungeon
  5754 | D:10     | Reached *** piety under Makhleb
  5851 | D:10     | Reached skill level 10 in Axes
  5872 | D:10     | Found a staircase to the Lair.
  6021 | D:11     | Noticed Josephine
  6052 | D:10     | Killed Josephine
  6075 | D:11     | Reached XP level 11. HP: 70/106 MP: 8/8
  6837 | D:11     | Reached **** piety under Makhleb
  6909 | D:11     | Found a staircase to the Orcish Mines.
  7304 | D:12     | Found a gate leading to a gauntlet.
  7336 | Gauntlet | Entered a Gauntlet
  7336 | Gauntlet | Found a transporter.
  7336 | Gauntlet | Found a runed translucent door.
  7336 | Gauntlet | Found a transporter.
  7336 | Gauntlet | Noticed a shining eye
  7337 | Gauntlet | Found a runed translucent door.
  7339 | Gauntlet | Noticed a sixfirhy
  7348 | Gauntlet | Found a transporter.
  7366 | Gauntlet | Found a transporter.
  7366 | Gauntlet | Found a transporter.
  7366 | Gauntlet | Found a transporter.
  7368 | Gauntlet | Found a transporter.
  7368 | Gauntlet | Found a transporter.
  7371 | Gauntlet | Noticed a swamp dragon
  7371 | Gauntlet | a swamp dragon changed into a jumping spider
  7377 | Gauntlet | Noticed a sea snake
  7377 | Gauntlet | a merfolk changed into a sea snake
  7379 | Gauntlet | Found a transporter.
  7390 | Gauntlet | a sea snake changed into a water nymph
  7395 | Gauntlet | Found a transporter.
  7405 | Gauntlet | Found a transporter.
  7419 | Gauntlet | Found a transporter.
  7437 | Gauntlet | Noticed a lindwurm
  7437 | Gauntlet | a moth of wrath changed into a lindwurm
  7439 | Gauntlet | Found a transporter.
  7440 | Gauntlet | a lindwurm changed into a manticore
  7454 | Gauntlet | Found a transporter.
  7543 | Gauntlet | Reached skill level 11 in Axes
  7568 | Gauntlet | Noticed a deep troll
  7577 | Gauntlet | a deep troll changed into a redback
  7609 | Gauntlet | Got a shimmering platinum ring
  7618 | Gauntlet | Identified the ring "Ziyria Eger" {Ice Int+4 Dex-5 Slay+5
                  | SInv} (You found it in a Gauntlet)
  7649 | Gauntlet | Noticed a minotaur
  7669 | Gauntlet | Killed a minotaur
  7677 | Gauntlet | Identified the Incunabulum of Aerial Black Rites
  7877 | D:12     | Found a hazy altar of Hepliaklqana.
  7896 | D:12     | Reached skill level 10 in Fighting
  7902 | D:12     | Noticed an unseen horror
  7923 | D:12     | Killed an unseen horror
  7962 | D:12     | Noticed a two-headed ogre
  7972 | D:12     | Killed a two-headed ogre
  8266 | D:12     | Noticed Jorgrun
  8384 | D:12     | Killed Jorgrun
  8384 | D:12     | Reached skill level 12 in Axes
  8384 | D:12     | Reached XP level 12. HP: 69/117 MP: 5/5
  8631 | D:13     | Noticed a deep troll earth mage
  8632 | D:13     | Noticed a seven-headed hydra
  8667 | D:13     | Killed a 12-headed hydra
  8707 | D:13     | Killed a deep troll earth mage
  8707 | D:13     | Reached skill level 1 in Evocations
  8830 | D:13     | Noticed an ironheart preserver
  8831 | D:13     | Found a gate to the Vaults.
  8854 | D:13     | Killed an ironheart preserver
  8897 | D:13     | Noticed a centaur warrior
  8919 | D:13     | Killed a centaur warrior
  8984 | D:13     | Noticed Maurice
  8991 | D:13     | Killed Maurice
  9294 | D:13     | Noticed a tengu warrior
  9314 | D:13     | Killed a tengu warrior
 10037 | D:14     | Noticed a death knight
 10062 | D:13     | Killed a death knight
 10169 | D:14     | Noticed Azrael
 10187 | D:14     | Killed Azrael
 10194 | D:14     | Reached XP level 13. HP: 55/127 MP: 3/3
 10269 | D:14     | Found Louqa's Book Shop.
 10344 | D:14     | Reached skill level 13 in Axes
 10360 | D:14     | Reached ***** piety under Makhleb
 10570 | D:14     | Reached skill level 10 in Armour
 10570 | D:14     | Reached skill level 10 in Invocations
 10650 | D:14     | Found Appeh's Armour Shoppe.
 10939 | D:15     | Entered Level 15 of the Dungeon
 11214 | D:14     | Reached skill level 10 in Shields
 11394 | D:15     | Reached skill level 5 in Evocations
 11671 | D:14     | Quit the game

Illustrated notes

Levels and vault maps discovered:
D:1:      minmay_arrival_stone_box, layout_basic
D:2:      cheibrodos_old_hovel, layout_rooms, uniq_natasha
D:3:      layout_basic, serial_glass, glass_columns_c, glass_columns_b,
          minmay_cupped, uniq_grinder
D:4:      layout_loops_ring, lightli_temple_of_fire,
          gammafunk_temple_overflow_pools, ebering_ghost_rock_garden,
          lemuel_flame_loot_1
D:5:      layout_basic, grunt_temple_overflow_lords_of_destruction,
          kennysheep_little_box, minmay_temple_entry_butterflies, uniq_duvessa
D:6:      gammafunk_wand_slinger, layout_basic, lemuel_round_altar,
          lemuel_crystal_altar, grunt_decor_one_mirror, st_stairs_13
D:7:      layout_basic, evilmike_ruin_ashenzari, lemuel_round_altar,
          ebering_ghost_rock_garden, chequers_big_river, cheibriados_altar_1,
          uniq_maggie
D:8:      layout_loops_ring, kennysheep_okawaru_gauntlet, basic_altar,
          guppyfry_early_elven_hall, uniq_erica, uniq_psyche
D:9:      layout_basic, nicolae_gozag_cash_rules_everything_around_me,
          old_standard_altar, kennysheep_mini_moat, serial_shops, shop
D:10:     layout_loops_corners, lair_entry_dummy,
          hangedman_abyss_or_decor_stabs, chequers_arboretum
D:11:     layout_grid_maze, david_orc_4, uniq_josephine
D:12:     layout_grid_maze, basic_altar, gauntlet_entry_generic, uniq_jorgrun
D:13:     layout_cave_pods, skrybe_vaults_entry_preservation,
          kennysheep_island_fort, uniq_maurice
D:14:     layout_stronghold, serial_shops, shop, shop, minmay_misc_feat_x,
          dk_noncrumbling_3, uniq_azrael
D:15:     grunt_enter_depths_magical_seal, layout_cross, serial_bayou,
          serial_bayou_lagoon_a, serial_bayou_lake_a, serial_bayou_pond_e,
          serial_bayou_pond_c
Temple:   corrupted_temple

Skill      XL: |  1  2  3  4  5  6  7  8  9 10 11 12 13 |
---------------+----------------------------------------+-----
Fighting       | 3 4 5 6 8 9 10 11 | 11.7
Axes           | 3 4 5 6 7 9 10 12 13 | 13.4
Armour         | 4 5 6 7 9 10 | 10.3
Shields        | 4 5 6 7 9 10 | 10.2
Invocations    | 3 5 7 8 9 10 | 10.4
Evocations     | 4 5 |  5.5

Action                   |  1- 3 |  4- 6 |  7- 9 | 10-12 | 13-15 || total
-------------------------+-------+-------+-------+-------+-------++-------
Melee: War axe           |    66 |   107 |   384 |   718 |   193 ||  1468
Invok: Minor Destruction |       |       |       |    10 |       ||    10
       Lesser Servant of |       |       |       |     2 |     2 ||     4
       Greater Servant o |       |       |       |       |     1 ||     1
 Abil: Heal Wounds       |     1 |     4 |    14 |    31 |    14 ||    64
Evoke: Wand              |       |       |       |    18 |       ||    18
  Use: Potion            |       |     1 |       |     5 |     2 ||     8
       Scroll            |       |       |    17 |     8 |     1 ||    26
 Stab: Paralysed         |       |       |       |     1 |       ||     1
Armor: Scale mail        |    41 |    60 |    48 |       |       ||   149
       Plate armour      |       |       |   107 |   445 |    82 ||   634
Dodge: Dodged            |    29 |    40 |    84 |   147 |    58 ||   358
Block: Kite shield       |    54 |    75 |   166 |   200 |       ||   495
       Tower shield      |       |       |       |   439 |   245 ||   684

Table legend: (Time is in decaauts)
 A = Elapsed time spent in this place.
 B = Non-inter-level travel time spent in this place.
 C = Inter-level travel time spent in this place.
 D = Time resting spent in this place.
 E = Time spent auto-exploring this place.
 F = Levels seen in this place.
 G = Mean time per level.
                   A        B        C        D        E       F      G
               +--------+--------+--------+--------+--------+-----+--------+
         Total |  11978 |  11024 |    954 |    600 |   7271 |  17 |  704.6 |
       Dungeon |  11573 |  10631 |    942 |    600 |   7110 |  15 |  771.5 |
        Temple |     41 |     29 |     12 |      0 |     28 |   1 |   41.0 |
      Gauntlet |    363 |    363 |      0 |      0 |    133 |   1 |  363.0 |
               +--------+--------+--------+--------+--------+-----+--------+

Top non-repeatable levels by time:
    D:13: 1560 daAuts
    D:11: 1320 daAuts
     D:9: 1221 daAuts
    D:12: 1074 daAuts
    D:14: 1063 daAuts
     D:6: 938 daAuts
    D:10: 869 daAuts
     D:4: 794 daAuts
     D:5: 789 daAuts
     D:8: 589 daAuts
    D:15: 367 daAuts
     D:7: 365 daAuts
Gauntlet: 363 daAuts
     D:2: 315 daAuts
     D:3: 171 daAuts
